 Dungeon Crawl Stone Soup version 0.27-a0-1312-g5cdb2b3542 (webtiles) character file.

Game seed: 5712871689367021539

589891 Froggeryz the Slayer (level 26, -27/358 HPs)
             Began as a Palentonga Berserker on June 19, 2021.
             Was the Champion of Trog.
             Killed from afar by an orb of fire (43 damage)
             ... with a bolt of fire
             ... on level 3 of the Realm of Zot on June 20, 2021.
             The game lasted 01:35:57 (81299 turns).

Froggeryz the Slayer (Palentonga Berserker)        Turns: 81299, Time: 01:35:58

Health: -27/358    AC: 41    Str: 33    XL:     26   Next: 18%
Magic:  23/23      EV: 12    Int: 13    God:    Trog [******]
Gold:   6069       SH: 34    Dex:  8    Spells: 25/25 levels left

rFire    + . .     SeeInvis +   Y - +9 broad axe (freeze)
rCold    + + .     Faith    .   d - +7 tower shield {rC+}
rNeg     + . .     Spirit   .   K - +5 chain mail of Joy {rN+ Str+6 Dex-3 Slay+5}
rPois    .         Reflect  +   (no helmet)
rElec    +         Harm     .   (no cloak)
rCorr    .         Rampage  .   f - +1 pair of gloves of Sonac {rC+}
Will     ++...                  T - +6 lightning scales {swift rElec}
Stlth    ..........             c - amulet of reflection
HPRegen  0.00/turn              W - ring of protection from fire
MPRegen  0.18/turn              N - ring "Ythrir" {Contam Will+ EV+4 Int+3 Stlth+}

@: mighty, berserking, slowed, curled up, quick
A: large, rugged brown scales 3, see invisible, deformed body, roll 1, armoured
tail, reflexive curl, clumsy 1, inhibited regeneration
}: 3/15 runes: decaying, serpentine, silver
a: Rolling Charge, Renounce Religion, Berserk, Trog's Hand, Brothers in Arms


You were on level 3 of the Realm of Zot.
You worshipped Trog.
Trog was exalted by your worship.
You visited 10 branches of the dungeon, and saw 46 of its levels.
You also visited: Ice Cave and Volcano.

You collected 7831 gold pieces.
You spent 1762 gold pieces at shops.

Inventory:

Hand Weapons
 A - a +2 broad axe of holy wrath
 Y - a +9 broad axe of freezing (weapon)
Missiles
 a - a curare-tipped dart
 m - 17 javelins (quivered)
 n - 11 boomerangs of dispersal
 r - 40 boomerangs
 Q - 3 silver boomerangs
 R - 15 silver javelins
Armour
 b - a +2 barding of flying
 d - a +7 tower shield of cold resistance (worn)
 f - the +1 pair of gloves of Sonac (worn) {rC+}
   (You found it on level 5 of the Lair of Beasts)

   It protects you from cold.
 i - a +3 chain mail of poison resistance
 K - the +5 chain mail of Joy (worn) {rN+ Str+6 Dex-3 Slay+5}
   (You found it on level 1 of the Orcish Mines)

   It affects your strength (+6).
   It affects your dexterity (-3).
   It affects your accuracy and damage with ranged weapons and melee attacks
   (+5).
   It protects you from negative energy.
 T - the +6 lightning scales (worn) {swift rElec}
   (You found it on level 6 of the Lair of Beasts)

   It insulates you from electricity.
Jewellery
 c - an amulet of reflection (around neck)
 s - an amulet of faith
 w - an amulet of magic regeneration
 B - a ring of resist corrosion
 E - the ring "Foarir" {*Corrode rElec rN+ EV+4 Dex+2}
   (You took it off a centaur on level 9 of the Dungeon)

   [ring of evasion]

   It affects your evasion (+4).
   It affects your dexterity (+2).
   It insulates you from electricity.
   It protects you from negative energy.
   It may corrode you when you take damage.
 M - a ring of poison resistance
 N - the ring "Ythrir" (right hand) {Contam Will+ EV+4 Int+3 Stlth+}
   (You bought it in a shop on level 2 of the Orcish Mines)

   [ring of evasion]

   It affects your evasion (+4).
   It affects your intelligence (+3).
   It causes magical contamination when unequipped.
   It increases your willpower.
   It makes you more stealthy.
 O - an amulet of regeneration
 U - a ring of positive energy
 W - a ring of protection from fire (left hand)
 Z - a ring of positive energy
Wands
 k - a wand of paralysis (21)
 y - a wand of flame (193)
 C - a wand of mindburst (44)
 F - a wand of charming (18)
 L - a wand of digging (8)
 V - a wand of iceblast (30)
Scrolls
 g - 2 scrolls of brand weapon
 o - 3 scrolls of silence
 q - 5 scrolls of summoning
 t - 8 scrolls of blinking
 x - 17 scrolls of teleportation
 D - 3 scrolls of magic mapping
 J - 5 scrolls of holy word
 P - 4 scrolls of fog
 S - 7 scrolls of fear
Potions
 e - 4 potions of ambrosia
 h - 15 potions of curing
 j - 7 potions of attraction
 l - 4 potions of cancellation
 p - 2 potions of mutation
 u - 10 potions of heal wounds
 v - 9 potions of resistance
 z - 10 potions of might
 G - 5 potions of berserk rage
 H - 3 potions of invisibility
 I - 2 potions of haste
 X - 4 potions of flight


   Skills:
 + Level 22.0 Fighting
 - Level 19.0 Axes
 - Level 16.7 Throwing
 + Level 18.3 Armour
 + Level 10.7 Dodging
 - Level 15.0 Shields
 - Level 5.0 Evocations


You had 25 spell levels left.
You didn't know any spells.
Your spell library was empty.

Dungeon Overview and Level Annotations

Branches:
Dungeon (15/15)            Temple (1/1) D:7            Lair (6/6) D:11
  Swamp (4/4) Lair:4        Snake (4/4) Lair:4        Slime (0/5) Lair:5
    Orc (2/2) D:12            Elf (0/3) Orc:2        Vaults (5/5) D:14
  Crypt (0/3) Vaults:3     Depths (5/5) D:15           Hell (visited)
    Zot (3/5) Depths:5      IceCv (visited)         Volcano (visited)
    Dis: Hell:1         Geh: Hell:1         Coc: Hell:1         Tar: Hell:1

Altars:
Ashenzari
Cheibriados
Fedhas
Gozag
Kikubaaqudgha
Qazlal
Sif Muna
Trog
Beogh
Jiyva

Shops:
D:1 !   Orc:1 =   Orc:2 *=:=   Snake:2 (   Vaults:1 *   Vaults:2 *   Vaults:4 (
Depths:5 (

Portals:
Hell: Depths:1 Depths:2 Depths:3 Depths:4 Depths:5
Abyss: Depths:4
Pandemonium: Depths:3
Ziggurat: Depths:3

Annotations:
D:9 1 runed translucent door
Lair:1 exclusion: oklob plant
Lair:2 exclusion: upstairs
Depths:2 2 transporters, exclusion: obsidian statue, Quahany's ghost, legendary GrEE; mrflibble's ghost, adept MiBe


Innate Abilities, Weirdness & Mutations

You are completely covered in rugged brown scales. (AC +3, +7% HP)
You have supernaturally acute eyesight. (SInv)
Armour fits poorly on your strangely shaped body.
You can roll at nearby foes to attack.
You have a long armoured tail.
You curl defensively after being hit.
You are clumsy. (Dex -2)
You do not regenerate when monsters are visible.


Message History

The bolt of fire hits you!!! You resist.
* * * LOW HITPOINT WARNING * * *
You hit the orb of fire.
Your tail-slap misses the orb of fire.
The orb of fire is moderately damaged.
You slash the death cob! The death cob closely misses you.
The orb of fire glows red.
The bolt of fire hits you! You resist.
* * * LOW HITPOINT WARNING * * *
You block the death cob's attack.
You slash the orb of fire! You freeze the orb of fire.
The orb of fire is heavily damaged.
You slash the death cob! You freeze the death cob.
You block the death cob's attack. x2
You barely miss the orb of fire.
Your tail-slap misses the orb of fire.
The orb of fire is heavily damaged.
You hit the death cob but do no damage. You block the death cob's attack.
You miss the orb of fire.
The orb of fire is heavily damaged.
You slice the death cob!! You freeze the death cob.
You destroy the death cob!
Trog accepts your kill.
The orb of fire emits a lurid red light.
Strange energies course through your body.
You feel clumsy.
You slash the orb of fire! You freeze the orb of fire.
You tail-slap the orb of fire, but do no damage.
The orb of fire is heavily damaged.
The orb of fire glows deep purple.
The bolt of fire hits you!! You resist.
* * * LOW HITPOINT WARNING * * *
You slice the orb of fire!! You freeze the orb of fire.
The orb of fire is severely damaged.
You slash the orb of fire! You freeze the orb of fire.
You tail-slap the orb of fire.
The orb of fire is severely damaged.
The orb of fire emits a lurid red light.
The bolt of fire misses you.
The orb of fire glows yellow.
The bolt of fire hits you!!! You resist.
You die...

#.........##......######
#........###...####
..#....(## #####
........### ......#...#
.....##...########
....###....#.....# .
.†...............###....
................@*......
.####..........##....#..
#####..........# ...#...
#.......###........#?. #
..................#. .#
..................?.. #
................... ##
...##......#....##..
...##...#.....##. #..


You could see an orb of fire.

Vanquished Creatures
  An ancient lich (Vaults:5)
  A dread lich (Vaults:5)
  Mennas (Vaults:5)
  An orb of fire (Zot:2)
  Mara (Vaults:4)
  A juggernaut (Depths:4)
  Margery (Vaults:4)
  2 caustic shrikes (Depths:4)
  Saint Roka (Snake:4)
  A curse toe (Zot:1)
  4 golden dragons
  Geryon (Hell)
  Nikola (Depths:2)
  2 bone dragons
  3 electric golems (Zot:1)
  16 tentacled monstrosities
  5 liches
  Jorgrun (Snake:1)
  4 titans
  Rupert (D:15)
  3 quicksilver dragons
  An acid blob (shapeshifter) (D:14)
  2 sphinxes
  The ghost of Banoollu the Peltast, an adept HuWn of Kikubaaqudgha (Snake:1)
  Frances (D:14)
  2 tengu reavers
  6 death cobs
  2 thorn hunters
  Donald (Swamp:1)
  10 shadow dragons
  3 nagarajas
  Roxanne (D:15)
  3 fenstrider witches
  A draconian knight (Zot:2)
  8 storm dragons
  3 draconian monks
  6 fire giants
  9 frost giants
  3 draconian scorchers
  24 vault wardens
  2 deep elf sorcerers
  6 iron dragons
  An orc warlord (Orc:1)
  A draconian stormcaller (Zot:2)
  A draconian shifter (Zot:2)
  25 very ugly things
  A draconian annihilator (Zot:1)
  A juggernaut zombie (Depths:3)
  3 war gargoyles
  2 spriggan defenders
  15 ironbound preservers
  A quicksilver ooze (shapeshifter) (Depths:5)
  6 stone giants
  2 white draconians
  5 bunyips
  10 green draconians
  Nessos (Orc:2)
  3 deep elf demonologists
  7 dire elephants
  Azrael (D:15)
  5 vampire knights
  2 purple draconians
  7 yellow draconians
  6 black draconians
  4 red draconians
  3 entropy weavers
  6 spark wasps
  A merfolk javelineer (Depths:1)
  10 ettins
  Snorg (D:13)
  3 deep elf death magi
  6 crystal guardians
  4 eleionomae
  5 fire dragons
  7 jiangshi (Depths:2)
  2 deep elf high priests
  Josephine (D:14)
  14 yaktaur captains
  13 great orbs of eyes
  A shambling mangrove (Swamp:4)
  Harold (D:8)
  3 ice dragons
  11 ironbound thunderhulks
  2 rakshasas
  6 salamander tyrants
  3 peacekeepers
  36 vault guards
  15 naga warriors
  21 anacondas
  2 ghost crabs (Swamp:4)
  19 hydras
  12 centaur warriors
  7 boulder beetles
  4 catoblepae
  A spriggan air mage (Depths:5)
  11 ironbound frosthearts
  4 alligators
  3 ogre magi
  9 deep troll shamans
  A two-headed ogre (shapeshifter) (Vaults:4)
  2 two-headed ogres
  A dancing weapon (Depths:2)
  A death knight (D:14)
  9 deep troll earth magi
  7 vampire magi
  4 tengu warriors
  10 death yaks
  7 ironbound beastmasters
  3 spriggan berserkers (Depths:5)
  30 naga sharpshooters
  13 shock serpents
  A sun demon (Depths:1)
  A deep elf knight (Vaults:5)
  An orc high priest (Orc:1)
  16 hell knights
  A soul eater (Depths:3)
  3 skeletal warriors (D:15)
  4 goliath frogs
  A goliath frog (shapeshifter) (Depths:5)
  7 iron trolls
  12 swamp dragons
  8 salamander mystics
  46 deep trolls
  3 glowing orange brains
  3 flayed ghosts
  6 naga ritualists
  3 spriggan druids
  A deep elf archer (Orc:1)
  5 bog bodies
  9 necromancers
  A swamp dragon (shapeshifter) (Vaults:4)
  A harpy (Vaults:3)
  3 deep elf zephyrmancers
  16 wizards
  16 ironbound convokers
  15 mana vipers
  10 lindwurms
  5 deep elf pyromancers
  5 phantasmal warriors
  7 orc knights
  26 salamanders
  A tengu skeleton (Depths:3)
  10 orc sorcerers
  6 manticores
  22 moths of wrath
  8 cyclopes
  3 fire giant zombies (Depths:2)
  60 ugly things
  3 will-o-the-wisps
  27 vault sentinels
  4 frost giant zombies (Depths:2)
  A guardian serpent (shapeshifter) (Vaults:5)
  22 naga magi
  48 black mambas
  10 guardian serpents
  An ice statue (IceCv)
  A rust devil (Depths:3)
  A molten gargoyle (Volcano)
  A torpor snail (Lair:4)
  6 cane toads
  An orange demon (Depths:3)
  2 eyes of devastation (shapeshifter)
  A hellion (Depths:3)
  2 unseen horrors
  3 gargoyles
  2 komodo dragons (shapeshifter)
  An elf skeleton (Depths:3)
  2 kobold demonologists
  3 rime drakes
  12 komodo dragons
  40 yaktaurs
  An ice devil (Hell)
  A freezing wraith (Vaults:4)
  9 trolls
  3 tengu conjurers
  3 meliai (D:13)
  17 polar bears
  A merfolk (shapeshifter) (Vaults:5)
  9 tyrant leeches
  A red devil (Depths:3)
  2 tyrant leeches (shapeshifter)
  A harpy skeleton (D:15)
  5 hornets
  36 slime creatures
  26 blink frogs
  6 flying skulls (Depths:2)
  Sigmund (D:3)
  2 centaur simulacra (D:15)
  4 redbacks
  A redback (shapeshifter) (Vaults:5)
  14 water elementals
  14 spriggans
  2 tarantellas
  5 wraiths
  2 vampires
  A fire elemental (D:15)
  84 yaks
  4 wyverns
  A human (D:14)
  6 fire bats (Volcano)
  7 vampire mosquitoes
  3 basilisks
  A steam dragon (D:9)
  Edmund (D:4)
  14 wargs
  Menkaure (D:4)
  An acid dragon (shapeshifter) (Depths:3)
  65 nagas
  12 swamp worms
  14 water moccasins
  Duvessa (D:5)
  A floating eye (Depths:4)
  11 hell hounds
  12 swamp drakes
  9 ice beasts
  2 black bears
  53 orc warriors
  3 ogres
  33 wolves
  8 centaurs
  3 kobold brigands
  5 bullfrogs
  A gnoll sergeant (D:5)
  A scorpion (D:5)
  3 wyvern zombies
  Dowan (D:5)
  A killer bee (shapeshifter) (D:14)
  5 spriggan skeletons (D:9)
  9 wights
  4 electric eels
  4 howler monkeys
  A troll skeleton (D:9)
  7 lava snakes
  6 centaur zombies
  3 hounds
  21 orc priests
  Jessica (D:2)
  Terence (D:3)
  Natasha (thrice) (D:2)
  An iguana (D:6)
  28 orc wizards
  5 hell rats (Lair:5)
  5 polar bear simulacra (Lair:4)
  A wolf simulacrum (Lair:4)
  A hound zombie (D:5)
  A howler monkey zombie (D:6)
  5 gnolls
  7 adders
  A river rat (D:4)
  An ufetubus (D:5)
  A worm (D:2)
  3 dart slugs
  92 orcs
  12 endoplasms
  2 giant cockroaches
  5 goblins
  7 hobgoblins
  4 jackals (D:4)
  4 quokkas
  3 training dummies (Depths:5)
  6 ball pythons
  A bat (D:1)
  3 frilled lizards
  19 kobolds
  6 rats
  5 river rat simulacra (Lair:4)
1955 creatures vanquished.

Vanquished Creatures (collateral kills)
  A guardian serpent (Snake:4)
  A wolf (IceCv)
2 creatures vanquished.

Vanquished Creatures (others)
  A fenstrider witch (Swamp:4)
  A lindwurm (Swamp:4)
  A salamander (Snake:4)
  8 foxfires
  27 fungi
  85 plants
  2 withered plants (Snake:1)
125 creatures vanquished.

Grand Total: 2082 creatures vanquished

Notes
Turn   | Place    | Note
-------+----------+-------------------------------------------
     0 | D:1      | Froggeryz the Palentonga Berserker began the quest for the
                  | Orb.
     0 | D:1      | Reached XP level 1. HP: 19/19 MP: 1/1
   141 | D:1      | Reached XP level 2. HP: 19/25 MP: 2/2
   253 | D:1      | Found Nuc Xivi's Distillery.
   762 | D:1      | Reached ** piety under Trog
  1001 | D:1      | Reached XP level 3. HP: 31/31 MP: 3/3
  1231 | D:2      | Noticed Natasha
  1242 | D:2      | Killed Natasha
  1599 | D:2      | Noticed Natasha
  1608 | D:2      | Killed Natasha
  1609 | D:2      | Reached skill level 5 in Axes
  1609 | D:2      | Reached XP level 4. HP: 24/37 MP: 4/4
  1749 | D:2      | Noticed Natasha
  1761 | D:2      | Killed Natasha
  1946 | D:2      | Reached XP level 5. HP: 36/43 MP: 5/5
  1947 | D:2      | Noticed Jessica
  1955 | D:2      | Killed Jessica
  3044 | D:3      | Found a faded altar of an unknown god.
  3215 | D:3      | Noticed Sigmund
  3225 | D:3      | Killed Sigmund
  3226 | D:3      | Reached skill level 1 in Evocations
  3226 | D:3      | Reached XP level 6. HP: 50/50 MP: 6/6
  3391 | D:3      | Noticed Terence
  3399 | D:3      | Killed Terence
  3906 | D:4      | Noticed Edmund
  3922 | D:4      | Killed Edmund
  3923 | D:4      | Gained mutation: You curl defensively after being hit.
                  | [Palentonga growth]
  3923 | D:4      | Reached XP level 7. HP: 46/55 MP: 7/7
  4355 | D:4      | Noticed Menkaure
  4364 | D:4      | Killed Menkaure
  4631 | D:4      | Reached *** piety under Trog
  4949 | D:5      | Entered Level 5 of the Dungeon
  5277 | D:5      | Reached XP level 8. HP: 23/62 MP: 8/8
  5479 | D:5      | Noticed Dowan
  5480 | D:5      | Found a shimmering blue altar of Sif Muna.
  5493 | D:5      | Killed Dowan
  5502 | D:5      | Noticed Duvessa
  5516 | D:5      | Killed Duvessa
  5540 | D:5      | Identified Sif Muna's Almanac of Hexes
  5554 | D:5      | Found a bloodstained altar of Trog.
  7535 | D:6      | Reached skill level 10 in Axes
  7735 | D:6      | Found a blossoming altar of Fedhas.
  8137 | D:6      | Reached skill level 5 in Evocations
  8645 | D:7      | Noticed a kobold demonologist
  8656 | D:7      | Noticed a rust devil
  8657 | D:7      | Killed a kobold demonologist
  8658 | D:7      | Reached XP level 9. HP: 67/67 MP: 9/9
  9031 | D:7      | Found a staircase to the Ecumenical Temple.
  9052 | Temple   | Entered the Ecumenical Temple
  9251 | D:7      | Reached skill level 1 in Shields
 10681 | D:7      | Reached XP level 10. HP: 28/74 MP: 10/10
 10898 | D:8      | Reached **** piety under Trog
 10952 | D:8      | Reached skill level 5 in Shields
 11331 | D:8      | Noticed Harold
 11345 | D:8      | Killed Harold
 12404 | D:9      | Noticed a two-headed ogre
 12409 | D:9      | Killed a two-headed ogre
 12516 | D:9      | Reached XP level 11. HP: 73/80 MP: 11/11
 12777 | D:9      | Identified the ring "Foarir" {*Corrode rElec rN+ EV+4
                  | Dex+2}
 13284 | D:9      | Noticed a boulder beetle
 13286 | D:9      | Noticed a two-headed ogre
 13288 | D:9      | Found a runed translucent door.
 14191 | D:10     | Entered Level 10 of the Dungeon
 14426 | D:10     | Found an opulent altar of Gozag.
 15357 | D:11     | Found a frozen archway.
 15372 | IceCv    | Entered an ice cave
 16725 | IceCv    | Reached ***** piety under Trog
 17209 | IceCv    | Noticed a frost giant
 17237 | IceCv    | Killed a frost giant
 17238 | IceCv    | Reached XP level 12. HP: 60/86 MP: 12/12
 17626 | D:11     | Reached skill level 15 in Axes
 17886 | D:11     | Noticed a boulder beetle
 18074 | D:11     | Killed a boulder beetle
 18540 | D:11     | Found a staircase to the Lair.
 19460 | D:12     | Noticed a seven-headed hydra
 19464 | D:12     | Killed a seven-headed hydra
 19597 | D:12     | Noticed a two-headed ogre
 19939 | D:12     | Killed a two-headed ogre
 20018 | D:12     | Found a staircase to the Orcish Mines.
 20138 | D:12     | Noticed an eight-headed hydra
 20145 | D:12     | Killed an eight-headed hydra
 20145 | D:12     | Identified the +11 quarterstaff of Contradiction {vorpal,
                  | rElec} (Trog gifted it to you on level 12 of the Dungeon)
 20145 | D:12     | Received a gift from Trog
 20461 | D:12     | Noticed a boulder beetle
 20480 | D:12     | Killed a boulder beetle
 20481 | D:12     | Reached XP level 13. HP: 30/92 MP: 3/13
 21289 | Lair:1   | Entered Level 1 of the Lair of Beasts
 25372 | Lair:4   | Found a dark tunnel.
 25381 | Volcano  | Entered a volcano
 25699 | Volcano  | Found a radiant altar of Vehumet.
 26133 | Lair:4   | Found a staircase to the Snake Pit.
 26358 | Lair:3   | Identified a scroll of acquirement
 26358 | Lair:3   | Acquired a +2 barding of flying
 26751 | Lair:4   | Reached skill level 4 in Fighting
 26967 | Lair:4   | Found a staircase to the Swamp.
 27338 | Lair:4   | Received a gift from Trog
 27339 | Lair:4   | Reached skill level 5 in Fighting
 27402 | Lair:4   | Reached XP level 14. HP: 81/104 MP: 11/14
 28286 | Lair:4   | Reached skill level 6 in Fighting
 28291 | Lair:4   | Reached XP level 15. HP: 111/112 MP: 15/15
 28292 | Lair:4   | Reached XP level 16. HP: 117/118 MP: 16/16
 29197 | Lair:5   | Found a viscous altar of Jiyva.
 29198 | Lair:5   | Found a staircase to the Slime Pits.
 29222 | Lair:5   | Identified the +1 pair of gloves of Sonac {rC+}
 29265 | Lair:5   | Reached skill level 7 in Fighting
 30074 | Lair:6   | Entered Level 6 of the Lair of Beasts
 30171 | Lair:6   | Received a gift from Trog
 30285 | Lair:6   | Reached skill level 8 in Fighting
 30584 | Lair:6   | Found the +6 lightning scales {swift rElec}
 31171 | Lair:6   | Reached skill level 9 in Fighting
 32276 | Orc:1    | Entered Level 1 of the Orcish Mines
 32280 | Orc:1    | Reached skill level 10 in Fighting
 32493 | Orc:1    | Received a gift from Trog
 32659 | Orc:1    | Found Xudaipt's Jewellery Shoppe.
 32822 | Orc:1    | Identified the +5 chain mail "Voleh" {Harm Regen+ rCorr
                  | SInv}
 32824 | Orc:1    | Identified the +5 chain mail of Joy {rN+ Str+6 Dex-3
                  | Slay+5}
 33373 | Orc:2    | Entered Level 2 of the Orcish Mines
 33842 | Orc:2    | Received a gift from Trog
 33852 | Orc:2    | Reached skill level 11 in Fighting
 34349 | Orc:2    | Found Edephot's Jewellery Shoppe.
 34349 | Orc:2    | Found Niadwemo's Book Shop.
 34469 | Orc:2    | Found Sepim's Jewellery Shoppe.
 34469 | Orc:2    | Found Udiasyal's General Store.
 34787 | Orc:2    | Found a staircase to the Elven Halls.
 34964 | Orc:2    | Noticed Nessos
 34970 | Orc:2    | Killed Nessos
 35021 | Orc:2    | Bought the ring "Ythrir" {Contam Will+ EV+4 Int+3 Stlth+}
                  | for 729 gold pieces
 35106 | D:13     | Noticed Snorg
 35115 | D:13     | Killed Snorg
 35300 | D:13     | Reached XP level 17. HP: 142/142 MP: 17/17
 35330 | D:13     | Received a gift from Trog
 35331 | D:13     | Reached skill level 12 in Fighting
 36010 | D:14     | Noticed Frances
 36022 | D:14     | Killed Frances
 36346 | D:14     | Found a gate to the Vaults.
 36659 | D:14     | Noticed an acid blob
 36664 | D:14     | Killed an acid blob
 36732 | D:14     | Noticed Josephine
 36739 | D:14     | Killed Josephine
 36740 | D:14     | Reached skill level 13 in Fighting
 36758 | D:14     | Found a broken altar of Ashenzari.
 37301 | D:15     | Entered Level 15 of the Dungeon
 37310 | D:15     | Reached skill level 10 in Armour
 37489 | D:15     | Noticed Rupert
 37505 | D:15     | Killed Rupert
 37638 | D:15     | Noticed Azrael
 37646 | D:15     | Killed Azrael
 37696 | D:15     | Identified Roxanne's Almanac of Earth
 37696 | D:15     | Noticed Roxanne
 37707 | D:15     | Killed Roxanne
 37955 | D:15     | Found a staircase to the Depths.
 37968 | D:15     | Reached skill level 14 in Fighting
 38470 | Snake:1  | Entered Level 1 of the Snake Pit
 39008 | Swamp:1  | Entered Level 1 of the Swamp
 39071 | Swamp:1  | Received a gift from Trog
 39402 | Swamp:1  | Noticed Donald
 39412 | Swamp:1  | Reached skill level 10 in Shields
 39418 | Swamp:1  | Killed Donald
 41528 | Swamp:3  | Acquired a manual of Shields
 41530 | Swamp:3  | Acquired 1271 gold pieces
 41766 | Swamp:3  | Reached XP level 18. HP: 124/156 MP: 18/18
 41976 | Swamp:4  | Entered Level 4 of the Swamp
 43048 | Swamp:4  | Got a decaying rune of Zot
 43258 | Swamp:4  | Paralysed by a fenstrider witch for 2 turns
 43263 | Swamp:4  | Reached ****** piety under Trog
 44791 | Snake:1  | Noticed Jorgrun
 44810 | Snake:1  | Reached skill level 15 in Shields
 44830 | Snake:1  | Killed Jorgrun
 44841 | Snake:1  | Reached skill level 5 in Throwing
 44867 | Snake:1  | Received a gift from Trog
 46481 | Snake:1  | Found a runed translucent door.
 46487 | Snake:1  | Noticed Banoollu's ghost (adept HuWn)
 46844 | Snake:1  | Killed Banoollu's ghost
 47488 | Snake:2  | Reached XP level 19. HP: 128/163 MP: 19/19
 47500 | Snake:2  | Received a gift from Trog
 47836 | Snake:2  | Found Gitziy's Weapon Boutique.
 49163 | Snake:3  | Reached skill level 15 in Fighting
 49730 | Snake:4  | Entered Level 4 of the Snake Pit
 49821 | Snake:4  | Received a gift from Trog
 51364 | Snake:4  | Noticed Saint Roka
 51528 | Snake:4  | Killed Saint Roka
 51586 | Snake:4  | Received a gift from Trog
 52887 | Snake:4  | Received a gift from Trog
 52905 | Snake:4  | Reached skill level 10 in Throwing
 52952 | Snake:4  | Reached XP level 20. HP: 154/175 MP: 20/20
 54026 | Snake:4  | Got a serpentine rune of Zot
 54513 | Vaults:1 | Entered Level 1 of the Vaults
 54527 | Vaults:1 | Reached skill level 16 in Fighting
 54799 | D:14     | Received a gift from Trog
 55807 | Vaults:1 | Received a gift from Trog
 55936 | Vaults:1 | Found Xureaz's General Store.
 55943 | Vaults:1 | Bought a potion of might for 68 gold pieces
 57260 | Vaults:2 | Found Karol's Assorted Antiques.
 57271 | Vaults:2 | Bought a potion of heal wounds for 200 gold pieces
 57271 | Vaults:2 | Bought a scroll of fear for 140 gold pieces
 57271 | Vaults:2 | Bought a scroll of summoning for 380 gold pieces
 57284 | Vaults:2 | Received a gift from Trog
 57294 | Vaults:2 | Reached XP level 21. HP: 135/184 MP: 21/21
 57781 | Vaults:2 | Reached skill level 17 in Fighting
 58716 | Vaults:2 | Received a gift from Trog
 59830 | Vaults:3 | Found a staircase to the Crypt.
 60222 | Vaults:3 | Identified the +7 battleaxe "Moibyemm" {flame, +Blink rPois
                  | rF- rCorr} (Trog gifted it to you on level 3 of the Vaults)
 60222 | Vaults:3 | Received a gift from Trog
 61096 | Vaults:4 | Found Bilaap's Antique Weapon Boutique.
 61102 | Vaults:4 | Bought a glowing broad axe for 245 gold pieces
 61105 | Vaults:4 | Reached XP level 22. HP: 195/195 MP: 22/22
 61135 | Vaults:4 | Received a gift from Trog
 62039 | Vaults:4 | Reached skill level 18 in Fighting
 62376 | Vaults:4 | Identified the +10 hand axe of Trog's Righteous Fury
                  | {flame, SInv} (Trog gifted it to you on level 4 of the
                  | Vaults)
 62376 | Vaults:4 | Received a gift from Trog
 62679 | Vaults:5 | Entered Level 5 of the Vaults
 62679 | Vaults:5 | Noticed Mara
 63353 | Vaults:5 | Noticed Margery
 63725 | Vaults:4 | Killed Margery
 63860 | Vaults:4 | Received a gift from Trog
 63994 | Vaults:5 | Noticed Froggeryz's illusion
 64296 | Vaults:4 | Killed Mara
 64297 | Vaults:4 | Reached skill level 15 in Throwing
 65003 | Vaults:5 | Noticed an ancient lich
 65005 | Vaults:5 | Reached skill level 15 in Armour
 65147 | Vaults:5 | Killed an ancient lich
 65148 | Vaults:5 | Reached XP level 23. HP: 199/205 MP: 23/23
 65254 | Vaults:5 | Identified Erojoit's Reference Book on Noxious Evil Rites
 65289 | Vaults:5 | Got a silver rune of Zot
 65414 | Vaults:5 | Noticed Mennas
 65447 | Vaults:5 | Killed Mennas
 65687 | Vaults:5 | Received a gift from Trog
 66012 | Vaults:5 | Noticed a dread lich
 66026 | Vaults:5 | Killed a dread lich
 66097 | Vaults:5 | Reached skill level 19 in Fighting
 66659 | Vaults:5 | Identified the +6 quarterstaff of the Median {venom, *Rage
                  | rF+ Will+}
 66821 | Vaults:5 | Identified the +4 halberd of Extremism {vorpal, +Rage
                  | Dex+5}
 67049 | Vaults:5 | Found the amulet of the Air {Inacc Air Fly rElec RMsl}
 67064 | Vaults:5 | Identified the +4 great sword of Unku {vorpal, rF+ Stlth+}
 67358 | Depths:1 | Entered Level 1 of the Depths
 67453 | Depths:1 | Received a gift from Trog
 67753 | Depths:1 | Found a gateway to Hell.
 68299 | Hell     | Entered the Vestibule of Hell
 68299 | Hell     | Noticed Geryon
 68314 | Hell     | Killed Geryon
 68593 | Depths:2 | Found a transporter.
 68606 | Depths:2 | Noticed Quahany's ghost (legendary GrEE)
 68606 | Depths:2 | Noticed mrflibble's ghost (adept MiBe)
 68620 | Depths:2 | Noticed a caustic shrike
 68629 | Depths:2 | Found a transporter.
 68671 | Depths:2 | Found an opulent altar of Gozag.
 68837 | Depths:2 | Found a bloodstained altar of Trog.
 68913 | Depths:2 | Noticed Nikola
 68935 | Depths:2 | Killed Nikola
 69055 | Depths:2 | Reached XP level 24. HP: 181/216 MP: 23/23
 69209 | Depths:2 | Found an ancient bone altar of Kikubaaqudgha.
 69314 | Depths:2 | Received a gift from Trog
 69786 | Depths:3 | Found a gateway to a ziggurat.
 70776 | Depths:3 | Identified the +10 arbalest of Osyl {vorpal, rPois rF++}
 70810 | Depths:3 | Found the +5 sword of Power {vorpal}
 70816 | Depths:3 | Identified the +6 long sword of Irritation {protect, rF+
                  | SInv}
 70817 | Depths:3 | Identified the +8 fire dragon scales "Zogeff" {rF++ rC-
                  | Str+4}
 70923 | Depths:3 | Found a one-way gate leading to the halls of Pandemonium.
 70933 | Depths:3 | Reached skill level 20 in Fighting
 71148 | Depths:3 | Identified the +3 war axe "Ciust" {flame, rN+ Will++ rCorr}
                  | (Trog gifted it to you on level 3 of the Depths)
 71148 | Depths:3 | Received a gift from Trog
 71638 | Depths:3 | Reached skill level 5 in Dodging
 71924 | Depths:4 | Found a snail-covered altar of Cheibriados.
 72894 | Depths:4 | Received a gift from Trog
 73005 | Depths:4 | Found a runed translucent door.
 73005 | Depths:4 | Found a runed translucent door.
 73168 | Depths:4 | Found a one-way gate to the infinite horrors of the Abyss.
 73228 | Depths:4 | Identified the +5 mace of Infinite Pain {vorpal, rF+}
 73644 | Depths:4 | Noticed a juggernaut
 73661 | Depths:4 | Paralysed by a floating eye for 2 turns
 73674 | Depths:4 | Killed a juggernaut
 73882 | Depths:5 | Entered Level 5 of the Depths
 74294 | Depths:5 | Reached XP level 25. HP: 226/226 MP: 23/23
 74429 | Depths:5 | Found a gate to the Realm of Zot.
 75186 | Depths:5 | Found Zoitol's Firing Range.
 75358 | Depths:5 | Received a gift from Trog
 75483 | Depths:5 | Reached skill level 21 in Fighting
 75968 | Zot:1    | Entered Level 1 of the Realm of Zot
 79056 | Zot:2    | Reached skill level 10 in Dodging
 79279 | Zot:2    | Noticed an orb of fire
 79287 | Zot:2    | Gained mutation: You do not regenerate when monsters are
                  | visible. [an orb of fire]
 79289 | Zot:2    | Killed an orb of fire
 79799 | Zot:2    | Reached XP level 26. HP: 68/233 MP: 23/23
 80726 | Zot:3    | Received a gift from Trog
 81152 | Zot:3    | Reached skill level 22 in Fighting
 81277 | Zot:3    | Noticed an orb of fire
 81296 | Zot:3    | Gained mutation: You are clumsy. (Dex -2) [an orb of fire]
 81297 | Zot:3    | HP: 16/358 [orb of fire/bolt of fire (23)]
 81299 | Zot:3    | Killed from afar by an orb of fire

Illustrated notes

Levels and vault maps discovered:
D:1:      heliophobic_arrival_battle_scene, layout_basic, serial_shops, shop
D:2:      layout_loops_corners, uniq_jessica, uniq_natasha
D:3:      layout_basic, basic_ecumenical_altar, minmay_between, uniq_sigmund,
          uniq_terence
D:4:      layout_basic, portal_sewer_entry_b, uniq_menkaure, uniq_edmund
D:5:      layout_layer_cave, nzn_overflow_gifts_of_might_and_magic
D:6:      layout_layer_cave, nicolae_overflow_crystal_walls,
          nicolae_water_bricks
D:7:      layout_loops_cross, minmay_temple_entry_butterflies,
          chequers_serial_rivers_room_a, chequers_serial_rivers_small_a
D:8:      layout_basic, minivault_14, uniq_harold
D:9:      layout_layer_cave, serial_bayou_ford_a, minmay_st_funbox,
          kennysheep_pointless_box, hangedman_tell_no_tales
D:10:     layout_stronghold, overflow_temple_1_default
D:11:     layout_irregular_city, erik_lair_dragon,
          portal_ice_cave_entry_ice_beasts, minmay_fractal_squares_gapless_7
D:12:     layout_irregular_city, orc_0_dummy, hex_tiny
D:13:     layout_long_grid, uniq_snorg
D:14:     layout_loops_corners, grunt_vaults_entry_fortified,
          ashenzari_conservatory_becter, corexii_leaking_fountain,
          evilmike_minifort, uniq_frances, uniq_josephine
D:15:     grunt_enter_depths_magical_seal, layout_cave_pools,
          hangedman_decor_opposing, grunt_decor_clamped, uniq_roxanne,
          uniq_rupert, uniq_azrael
Temple:   regret_index_temple_mists
Lair:1:   layout_regular_city, minivault_19, minmay_lair_oklob_bushes,
          wad_woods_01
Lair:2:   layout_small_grid, chequers_serial_rivers_large_a,
          chequers_serial_rivers_micro_e
Lair:3:   layout_chaotic_city
Lair:4:   layout_gridlike, skrybe_swamp_entry_bodies,
          minmay_snake_entry_guardpost_large, nicolae_volcano_entry_two_sided,
          eino_house_with_fridge
Lair:5:   layout_loops_ring, slime_altar_1, serial_forest,
          infiniplex_forest_lined_corner, infiniplex_forest_end_2,
          infiniplex_forest_lined_2, infiniplex_forest_zigzag_1,
          infiniplex_forest_clump_medium, infiniplex_forest_lined_3,
          grunt_megastairs_5
Lair:6:   evilmike_catoblepas_cave, layout_cave_pods,
          nicolae_lair_grove_arrangements
Swamp:1:  layout_falls_marsh, evilmike_swamp_ruin_house_1, swamp_pool1,
          uniq_donald
Swamp:2:  layout_falls_marsh, evilmike_swamp_ruin_wall,
          infiniplex_staircase_pool
Swamp:3:  layout_falls_marsh, nicolae_swamp_bean_lake,
          infiniplex_staircase_pool_2
Swamp:4:  swamp_alternative, layout_basic_swamp, swamp_pool1
Snake:1:  layout_chambers, gammafunk_ghost_grave, st_stairs_8,
          nicolae_snake_salamander_jacuzzi, uniq_jorgrun
Snake:2:  layout_misc_corridors, serial_shops, nicolae_lakefront_shop
Snake:3:  layout_gridlike
Snake:4:  snake_pit_salamanders_mu, layout_cave_town, uniq_saint_roka
Orc:1:    layout_diamond_mine, serial_shops, nicolae_shop_window_shopping,
          elf_legates
Orc:2:    st_orc_town, layout_diamond_mine, basic_altar, uniq_nessos
Vaults:1: nicolae_vaults_mini_display_case, nicolae_vaults_sealed_display,
          nicolae_vaults_network_quinsquares
          [nicolae_vaults_network_quincunx_subvault,
          nicolae_vaults_network_quincunx_subvault,
          nicolae_vaults_network_quincunx_subvault,
          nicolae_vaults_network_quincunx_subvault], v_rooms_5,
          grunt_vaults_swirl, vaults_standard_mumra_x, st_cells,
          layout_vaults_big_room, serial_shops, nicolae_shop_crystal
Vaults:2: v_rooms_5, nicolae_vaults_quartermaster, v_pattern_3,
          hangedman_vaults_stream, hangedman_vaults_corner,
          nicolae_vaults_big_ls, vaults_mumra_hexcomb, layout_vaults_omnigrid,
          serial_shops, nicolae_shop_crystal
Vaults:3: minmay_crypt_entry_nasty_monster, dpeg_vaults_monster_box, v_rooms_2,
          nicolae_vaults_ninety_degrees, vaults_mumra_bighexcomb,
          ontoclasm_vaults_ring_large, hangedman_vaults_stretched_pinwheel,
          v_rooms_4, v_misc_29, nicolae_vaults_shelves_hall, vaults_mumra_lcd,
          vaults_dpeg_ring, vaults_dpeg_diagonal, vaults_room_hallway,
          layout_vaults_ring
Vaults:4: vaults_room_door_hall, v_misc_1, dpeg_vaults_waves, v_misc_29,
          nicolae_vaults_little_squares_6, v_misc_31,
          nicolae_vaults_little_squares_4, vaults_room_corners, v_pattern_1,
          vaults_room_pools, layout_vaults_omnicross, serial_shops,
          nicolae_shop_stone
Vaults:5: uniq_mennas, uniq_mara, uniq_margery
Depths:1: layout_cave_pools, hell_entry, abandoned_shop, abandoned_shop,
          serial_bayou_lagoon_b
Depths:2: lemuel_vampire_tower, layout_small_grid, hell_entry,
          nzn_ghost_randoct, grunt_gozag_breadcrumbs,
          amcnicky_mini_corridor_feature, trog_hazing_becter,
          serial_bayou_shore_a, uniq_nikola
Depths:3: minmay_broken_ring, layout_honeycomb, enter_ziggurat_b, hell_entry,
          rand_demon_pan_entry_8, grunt_decor_junction, grunt_tough_drop,
          infiniplex_staircase_pillars_3a
Depths:4: minmay_the_grid_triangle_9x9_rhombus_full
          [minmay_the_grid_triangle_9x9_semitri,
          minmay_the_grid_triangle_9x9_swiss_cheese,
          minmay_the_grid_triangle_9x9_zippers_vertical,
          minmay_the_grid_triangle_9x9_pentomino_pain,
          minmay_the_grid_triangle_9x9_minimal,
          minmay_the_grid_triangle_9x9_descending_squares,
          minmay_the_grid_triangle_9x9_tough_junction,
          minmay_the_grid_triangle_9x9_prize_center], layout_cave_pools,
          hell_entry, grunt_decor_arrowhead, abyss_entry_small_statue_room,
          kennysheep_slug_shrine
Depths:5: grunt_crosshair, layout_honeycomb, hell_entry,
          chequers_serial_rivers_marsh, nicolae_shop_firing_range
Hell
Zot:1:    layout_concentric_octagons, hangedman_zot_decor_tridents
Zot:2:    layout_onion
Zot:3:    layout_misc_corridors

Skill      XL: |  1  2  3  4  5  6  7  8  9 10 11 12 13 14 15 16 17 18 19 20 21 22 23 24 25 26 |
---------------+-------------------------------------------------------------------------------+-----
Axes           | 4 5 6 7 8 10 11 13 14 17 19 | 19.0
Evocations     | 1 2 3 5 |  5.0
Armour         | 2 3 6 9 10 11 12 13 14 15 17 18 | 18.3
Shields        | 4 7 9 12 15 | 15.0
Fighting       | 5 6 11 14 15 16 17 18 19 20 21 22 | 22.0
Throwing       | 4 7 10 12 13 15 16 | 16.7
Dodging        | 7 10 | 10.7

Action                   |  1- 3 |  4- 6 |  7- 9 | 10-12 | 13-15 | 16-18 | 19-21 | 22-24 | 25-27 || total
-------------------------+-------+-------+-------+-------+-------+-------+-------+-------+-------++-------
Melee: Hand axe          |    98 |    86 |   336 |       |       |       |       |       |       ||   520
       Tailslap          |    12 |    13 |    56 |   106 |    67 |   265 |   303 |   301 |   138 ||  1261
       War axe           |       |       |    14 |   597 |   512 |  1683 |   626 |       |       ||  3432
       Broad axe         |       |       |       |       |       |       |   927 |  1359 |   596 ||  2882
Throw: Dart              |       |       |     3 |     2 |       |       |       |       |       ||     5
       Javelin           |       |       |       |       |       |       |       |    10 |    22 ||    32
       Boomerang         |       |       |       |       |       |       |       |       |     7 ||     7
Invok: Berserk           |       |     4 |    13 |    14 |    10 |     5 |     2 |     1 |     3 ||    52
       Trog's Hand       |       |     1 |     1 |     1 |       |     4 |       |     2 |       ||     9
 Abil: Rolling Charge    |       |     1 |     4 |    16 |    21 |    47 |    47 |    27 |    31 ||   194
Evoke: Wand              |       |       |     4 |    17 |    19 |    13 |     1 |     2 |       ||    56
  Use: Scroll            |       |       |    12 |     8 |     8 |    10 |     3 |     6 |     1 ||    48
       Potion            |       |       |     1 |     8 |     3 |     4 |       |     4 |     9 ||    29
 Stab: Paralysed         |       |       |    11 |    12 |       |    10 |       |       |       ||    33
       Distracted        |       |       |       |     1 |       |       |     1 |       |       ||     2
Armor: Animal skin       |    22 |     8 |       |       |       |       |       |       |       ||    30
       Ring mail         |       |     6 |       |       |       |       |       |       |       ||     6
       Scale mail        |       |     5 |       |       |       |       |       |       |       ||     5
       Chain mail        |       |       |   153 |   221 |   146 |   572 |   305 |   334 |   166 ||  1897
Dodge: Dodged            |    43 |    26 |    82 |   207 |   142 |   351 |   184 |   162 |   115 ||  1312
Block: Kite shield       |       |       |       |   245 |   254 |   858 |       |       |       ||  1357
       Reflection        |       |       |       |       |       |    97 |   223 |    36 |     2 ||   358
       Tower shield      |       |       |       |       |       |   259 |  1672 |  1413 |   634 ||  3978

Table legend: (Time is in decaauts)
 A = Elapsed time spent in this place.
 B = Non-inter-level travel time spent in this place.
 C = Inter-level travel time spent in this place.
 D = Time resting spent in this place.
 E = Time spent auto-exploring this place.
 F = Levels seen in this place.
 G = Mean time per level.
                   A        B        C        D        E       F      G
               +--------+--------+--------+--------+--------+-----+--------+
         Total |  78212 |  74740 |   3472 |  20885 |  43286 |  48 | 1629.4 |
       Dungeon |  22987 |  21762 |   1225 |   4487 |  15000 |  15 | 1532.5 |
        Temple |    157 |    157 |      0 |    155 |      0 |   1 |  157.0 |
          Lair |  10565 |   9701 |    864 |   2381 |   6091 |   6 | 1760.8 |
         Swamp |   5334 |   5219 |    115 |   2302 |   2113 |   4 | 1333.5 |
     Snake Pit |   8764 |   8375 |    389 |   2850 |   4010 |   4 | 2191.0 |
  Orcish Mines |   2718 |   2527 |    191 |    390 |   1544 |   2 | 1359.0 |
        Vaults |  11699 |  11353 |    346 |   3514 |   6019 |   5 | 2339.8 |
        Depths |   7962 |   7740 |    222 |   1061 |   5491 |   5 | 1592.4 |
          Hell |     11 |     11 |      0 |      0 |      0 |   1 |   11.0 |
           Zot |   5064 |   4948 |    116 |   1944 |   2474 |   3 | 1688.0 |
      Ice Cave |   2214 |   2214 |      0 |   1444 |    360 |   1 | 2214.0 |
       Volcano |    732 |    732 |      0 |    352 |    180 |   1 |  732.0 |
               +--------+--------+--------+--------+--------+-----+--------+

Top non-repeatable levels by time:
Vaults:4: 3789 daAuts
 Snake:3: 2989 daAuts
 Snake:4: 2915 daAuts
    D:11: 2754 daAuts
   Zot:1: 2588 daAuts
  Lair:3: 2504 daAuts
     D:9: 2432 daAuts
   Zot:2: 2218 daAuts
   IceCv: 2214 daAuts
Vaults:2: 2154 daAuts
Depths:3: 2121 daAuts
Vaults:1: 2024 daAuts
     D:5: 2021 daAuts
  Lair:4: 1985 daAuts
Vaults:5: 1984 daAuts
